 Dungeon Crawl Stone Soup version 0.24.0-13-gcf9b319 (webtiles) character file.

Game seed: 2798882427974852254, levelgen mode: deterministic

107 sauken the Ruffian (level 4, -3/41 HPs)
             Began as a Troll Transmuter on Nov 11, 2019.
             Slain by an orc (4 damage)
             ... on level 3 of the Dungeon.
             The game lasted 00:02:02 (1318 turns).

sauken the Ruffian (Troll Transmuter)               Turns: 1318, Time: 00:02:03

Health: -3/41      AC:  6    Str: 18    XL:     4   Next: 57%
Magic:  4/4        EV: 10    Int: 10    God:
Gold:   123        SH:  0    Dex: 10    Spells: 4/5 levels left

rFire    . . .     SeeInvis .     - Unarmed
rCold    . . .     Gourm    +   (no shield)
rNeg     . . .     Faith    .   b - +0 robe
rPois    .         Spirit   .   (helmet restricted)
rElec    .         Reflect  .   (no cloak)
rCorr    .         Harm     .   (gloves unavailable)
MR       .....                  (boots unavailable)
Stlth    +.........             (no amulet)
HPRegen  0.53/turn              (no ring)
MPRegen  0.09/turn              (no ring)

@: starving
A: large, unfitting armour, claws 3, fast metabolism 3, gourmand, regeneration
1, shaggy fur 1, tough skin 3
a: no special abilities


You were on level 3 of the Dungeon.
You were starving.

You visited 1 branch of the dungeon, and saw 3 of its levels.

You collected 123 gold pieces.

Inventory:

Missiles
 a - 12 arrows
 h - 4 boomerangs (quivered)
Armour
 b - a +0 robe (worn)
Jewellery
 c - an uncursed amulet of magic regeneration {unknown}
   (You found it on level 1 of the Dungeon)
 f - an uncursed ring of ice {unknown}
   (You found it on level 2 of the Dungeon)
 i - an uncursed ring of protection from magic {unknown}
   (You found it on level 1 of the Dungeon)
 j - a +4 ring of intelligence {unknown}
   (You found it on level 1 of the Dungeon)
Scrolls
 e - 6 scrolls of identify {unknown}
 k - 2 scrolls of teleportation {unknown}
 m - a scroll of blinking {unknown}
 n - a scroll of noise {unknown}
Potions
 g - a potion of curing {unknown}
 l - 2 potions of ambrosia {unknown}
Comestibles
 d - 9 rations


   Skills:
 * Level 1.5 Fighting
 + Level 1.0 Throwing
 - Level 1.5 Dodging
 + Level 4.8 Unarmed Combat
 - Level 1.2 Spellcasting
 - Level 1.3 Transmutations


You had 4 spell levels left.
You knew the following spells:

 Your Spells              Type           Power        Failure   Level  Hunger
a - Beastly Appendage     Tmut           #.....       19%         1    ##.....

Your spell library contained the following spells:

 Spells                   Type           Power        Failure   Level  Hunger
 Sticks to Snakes         Tmut           #.......     28%         2    ###....
 Spider Form              Tmut/Pois      #.........   58%         3    ####...
 Ice Form                 Ice/Tmut       #.......     94%         4    #####..
 Blade Hands              Tmut           #.........   99%         5    ######.


Dungeon Overview and Level Annotations

Branches:
Dungeon (3/15)

Altars:
Fedhas
Qazlal


Innate Abilities, Weirdness & Mutations

You are too large for most types of armour.
You have claws for hands.
Your metabolism is lightning-fast.
You like to eat raw meat.
Your natural rate of healing is unusually fast.
You are covered in fur. (AC +1)
You have extremely tough skin. (AC +3)


Message History

A giant cockroach comes into view.
Unknown command.
Unknown command.
The giant cockroach waves its antennae.
You see here a rat corpse.
You butcher the rat corpse.
Things that are here:
a chunk of flesh {@w0}; a rat skeleton Eat a chunk of flesh {@w0}? (ye/n/q)
You eat the chunk of flesh {@w0}.
This raw flesh tastes great.
You scratch the giant cockroach.
The giant cockroach bites you but does no damage.
You claw the giant cockroach!
You kill the giant cockroach!
Found a stormy altar of Qazlal.
There is a stone staircase leading up here.
You see here 22 stones.
You are feeling hungry.
There is an escape hatch in the ceiling here.
There is a stone staircase leading down here.
d - 9 rations (gained 1)
You are feeling very hungry.
There is a stone staircase leading down here.
There is an escape hatch in the ceiling here.
You see here a hunting sling.
You are near starving!
Done exploring.
Done exploring.
Search for what [? for help]? altar Unknown command.
Done exploring.
You see here a +0 club.
There is a stone staircase leading down here.
You climb downwards.
There is a stone staircase leading up here.
You now have 123 gold pieces (gained 15).
n - a scroll labeled MAUKHA LALLECK
There is a stone staircase leading up here.
An ooze comes into view.
An ooze is nearby!
You are starving!
You scratch the ooze but do no damage. The ooze hits you but does no damage.
You barely miss the ooze. The ooze hits you.
You take 1 damage, and have 40/41 hp.
You scratch the ooze but do no damage. The ooze hits you but does no damage.
You claw the ooze!
You kill the ooze!
Health restored: 41
Found 8 gold pieces.
Found a stone staircase leading down.
An orc and an orc priest come into view.
The orc shouts!
The orc priest shouts!
Found a stone staircase leading up.
An orc wizard comes into view. It is wielding a -2 dagger.
An orc comes into view. It is wielding a +0 war axe.
The orc priest begins to cast a cantrip, but forgets the words!
An orc comes into view.
The orc shouts!
The orc shouts!
The orc closely misses you.
You scratch the orc. The orc hits you but does no damage.
The orc wizard casts a spell.
The orc wizard seems to speed up.
The orc priest barely misses you.
You claw the orc priest!
The orc wizard casts a cantrip, but nothing happens.
The orc hits you with a +0 club.
You take 5 damage, and have 36/41 hp.
You closely miss the orc.
The orc priest looks satisfied for a moment.
You scratch the orc. You claw the orc.
You kill the orc!
Your Throwing skill increases to level 1!
The orc hits you but does no damage.
The orc wizard looks braver for a moment.
You closely miss the orc. The orc wizard casts a spell at you.
The puff of flame misses you. The orc hits you.
You take 2 damage, and have 35/41 hp.
You claw the orc!
You kill the orc!
The orc wizard hits you but does no damage.
The orc priest invokes the aid of Beogh against you.
Pain shoots through your body! The orc hits you but does no damage.
The orc wizard hits you but does no damage.
You take 11 damage, and have 24/41 hp.
MASSIVE DAMAGE!!
The orc priest calls down the wrath of Beogh upon you.
Pain shoots through your body!
The orc wizard hits you but does no damage.
Things that are here:
a +0 club; a +0 war axe; an orc corpse You take 9 damage, and have 15/41 hp.
MASSIVE DAMAGE!!
You closely miss the orc priest.
The orc wizard hits you but does no damage.
The orc priest mumbles some strange prayers to Beogh against you.
Beogh smites you!
* * * LOW HITPOINT WARNING * * *
The orc hits you.
You die...

#############
#...........#
+...........#
#...........#
#...........#
#......o....#
#......@....#
+.....$oo..>#
#....$......#
#...........#########
######..###.........#
##.# #.#######.####
#.##... #.#...
#.##..## #.#.#. #.
#..< #.#.#.


You could see an orc priest, an orc wizard and an orc.

Vanquished Creatures
  Jessica (D:2)
  2 adders (D:2)
  2 oozes
  A dart slug (D:2)
  A leopard gecko (D:2)
  2 orcs (D:3)
  3 bats
  7 giant cockroaches
  4 goblins
  9 hobgoblins
  4 jackals (D:2)
  2 kobolds
  A ball python (D:1)
  A frilled lizard (D:2)
  5 rats
45 creatures vanquished.

Notes
Turn   | Place    | Note
-------+----------+-------------------------------------------
     0 | D:1      | sauken the Troll Transmuter began the quest for the Orb.
     0 | D:1      | Reached XP level 1. HP: 18/18 MP: 1/1
    22 | D:1      | Reached skill level 1 in Fighting
    56 | D:1      | You fall into a shaft and drop 1 floor!
    79 | D:2      | Reached XP level 2. HP: 27/27 MP: 2/2
   208 | D:2      | Reached XP level 3. HP: 33/33 MP: 3/3
   294 | D:1      | Reached skill level 4 in Unarmed Combat
   815 | D:2      | Found a blossoming altar of Fedhas.
   829 | D:2      | Reached XP level 4. HP: 41/41 MP: 4/4
   951 | D:2      | Noticed Jessica
   958 | D:2      | Killed Jessica
  1067 | D:2      | Found a stormy altar of Qazlal.
  1314 | D:3      | Reached skill level 1 in Throwing
  1318 | D:3      | HP: 1/41 [orc priest/divine providence (14)]
  1318 | D:3      | Slain by an orc

Levels and vault maps discovered:
D:1:      scummos_arrival_forest, layout_basic
D:2:      layout_loops_ring, lemuel_coloured_pillars_altar, kennysheep_path_1,
          fedhas_altar_3, uniq_jessica
D:3:      layout_basic, lemuel_crystal_altar, lemuel_crystal_altar

Skill      XL: |  1  2  3  4 |
---------------+-------------+-----
Fighting       | 1 |  1.5
Unarmed Combat | 4 |  4.8
Throwing       | 1 |  1.0
Dodging        | |  1.5
Spellcasting   | |  1.2
Transmutations | |  1.3

Action                   |  1- 3 |  4- 6 || total
-------------------------+-------+-------++-------
Melee: Unarmed           |    69 |    17 ||    86
       Punch             |     1 |     1 ||     2
Throw: Boomerang         |    36 |    10 ||    46
  Eat: Chunk             |     6 |     1 ||     7
Armor: Robe              |    22 |     7 ||    29
Dodge: Dodged            |    30 |     5 ||    35

Levels and vault maps discovered:
D:1:      scummos_arrival_forest, layout_basic
D:2:      layout_loops_ring, lemuel_coloured_pillars_altar, kennysheep_path_1,
          fedhas_altar_3, uniq_jessica
D:3:      layout_basic, lemuel_crystal_altar, lemuel_crystal_altar

Table legend:
 A = Turns spent in this place as a percentage of turns spent in the entire game.
 B = Non-inter-level travel turns spent in this place as a percentage of non-inter-level travel turns spent in the entire game.
 C = Inter-level travel turns spent in this place as a percentage of turns spent in this place.
 D = Turns resting spent in this place as a percentage of non-inter-level travel turns spent in this place.
 E = Turns spent auto-exploring this place as a percentage of non-inter-level travel turns spent in this place.
 F = Non-inter-level travel turns spent in this place divided by the number of levels of this place that you've seen.
                   A       B       C       D       E      F
               +-------+-------+-------+-------+-------+----------------------
         Total | 100.0 | 100.0 |   4.6 |   0.0 |  80.6 | 419.3
       Dungeon | 100.0 | 100.0 |   4.6 |   0.0 |  80.6 | 419.3
               +-------+-------+-------+-------+-------+----------------------

Table legend:
 A = Kills in this place as a percentage of kills in entire the game.
 B = Kills by you in this place as a percentage of kills by you in the entire game.
 C = Kills by friends in this place as a percentage of kills by friends in the entire game.
 D = Other kills in this place as a percentage of other kills in the entire game.
 E = Experience gained in this place as a percentage of experience gained in the entire game.
 F = Experience gained in this place divided by the number of levels of this place that you have seen.
                   A       B       C       D       E      F
               +-------+-------+-------+-------+-------+----------------------
         Total | 100.0 | 100.0 |   N/A |   N/A | 100.0 |  51.3
       Dungeon | 100.0 | 100.0 |   N/A |   N/A | 100.0 |  51.3
               +-------+-------+-------+-------+-------+----------------------
